 Dungeon Crawl Stone Soup version 0.27-a0-1557-g57f10a385c (webtiles) character file.

Game seed: 4141281768150346697

865 Sin92 the Skirmisher (level 7, 0/55 HPs)
             Began as a Demonspawn Fighter on July 15, 2021.
             Slain by a gnoll (9 damage)
             ... on level 5 of the Dungeon.
             The game lasted 00:05:57 (3388 turns).

Sin92 the Skirmisher (Demonspawn Fighter)           Turns: 3388, Time: 00:05:57

Health: 0/55       AC:  6    Str: 14 (18) XL:     7   Next: 72%
Magic:  7/7        EV: 13    Int:  8 (10) God:
Gold:   123        SH: 10    Dex: 10 (12) Spells: 6/6 levels left

rFire    + + .     SeeInvis .   a - +0 war axe
rCold    . . .     Faith    .   c - +1 kite shield
rNeg     + + .     Spirit   .   l - +3 leather armour {rF+}
rPois    .         Reflect  .   (helmet restricted)
rElec    +         Harm     .   (no cloak)
rCorr    .         Rampage  .   (no gloves)
Will     .....                  (no boots)
Stlth    +.........             e - amulet of regeneration
HPRegen  1.18/turn              f - ring of Generosity {rElec rF+ rN++}
MPRegen  0.10/turn              (no ring)

@: no status effects
A: hooves 1, repulsion field 2, foul stench 1, horns 2, deterioration 1,
evolution 1
a: no special abilities


You were on level 5 of the Dungeon.
You visited 1 branch of the dungeon, and saw 5 of its levels.

You collected 123 gold pieces.

Inventory:

Hand Weapons
 a - a +0 war axe (weapon)
Armour
 b - a +0 scale mail
 c - a +1 kite shield (worn)
 h - a +0 helmet
 l - a +3 leather armour of fire resistance (worn)
Jewellery
 e - an amulet of regeneration (around neck)
 f - the ring of Generosity (left hand) {rElec rF+ rN++}
   (You acquired it on level 1 of the Dungeon)

   [ring of protection from fire]

   rF:        It protects you from fire.
   rElec:     It insulates you from electricity.
   rN:        It greatly protects you from negative energy.
 t - a ring of ice
Wands
 d - a wand of iceblast (8)
 k - a wand of flame (20)
 p - a wand of polymorph (1)
Scrolls
 g - 4 scrolls of teleportation
 i - a scroll of torment
 m - 3 scrolls of identify
 q - a scroll of magic mapping
 u - 2 scrolls of blinking
Potions
 j - a potion of curing
 n - a potion of ambrosia {unknown}
 o - 2 potions of invisibility {unknown}


   Skills:
 + Level 4.9 Fighting
 + Level 3.9 Axes
 + Level 4.5 Armour
 + Level 3.2 Dodging
 + Level 4.4 Shields


You had 6 spell levels left.
You didn't know any spells.
Your spell library contained the following spells:

 Spells                   Type           Power      Damage    Failure   Level
 Animate Skeleton         Necr           0%         N/A       91%         1
 Apportation              Tloc           0%         N/A       91%         1
 Corona                   Hex            0%         N/A       91%         1
 Magic Dart               Conj           0%         1d3       91%         1
 Shock                    Conj/Air       0%         1d3       91%         1
 Summon Small Mammal      Summ           0%         N/A       91%         1
 Searing Ray              Conj           0%         3d3       97%         2
 Swiftness                Air            0%         N/A       99%         3
 Airstrike                Air            0%         N/A       100%        4
 Fulminant Prism          Conj/Hex       0%         3d6       100%        4


Dungeon Overview and Level Annotations

Branches:
Dungeon (5/15)
 Temple: D:4-7

Altars:

Shops:
D:4 **


Innate Abilities, Weirdness & Mutations

You have large cloven feet.
You are surrounded by a moderate repulsion field. (EV +3)
You may rarely emit foul miasma when damaged in melee.
You have a pair of horns on your head.
Your body sometimes deteriorates upon taking damage.
You evolve.


Message History

Your shield prevents you from hitting the gnoll.
The gnoll closely misses you. You block the gnoll's attack.
Unknown command.
You hit the gnoll.
The gnoll is almost dead.
You hit the gnoll but do no damage. You block the gnoll's attack.
The gnoll closely misses you. The gnoll hits you with a +0 halberd.
The gnoll misses you.
Unknown command.
You are too injured to fight recklessly!
Unknown command.
You are too injured to fight recklessly!
Unknown command.
You are too injured to fight recklessly!
Unknown command.
The gnoll barely misses you. You block the gnoll's attack.
You block the gnoll's attack. The gnoll misses you.
You slash the gnoll!
The gnoll is severely wounded.
You block the gnoll's attack. The gnoll barely misses you.
You hit the gnoll.
You kill the gnoll!
The gnoll hits you from afar with a +0 halberd!
The gnoll completely misses you.
You barely miss the gnoll. You block the gnoll's attack.
The gnoll barely misses you. The gnoll hits you with a +0 flail.
The gnoll hits you from afar with a +0 halberd.
* * * LOW HITPOINT WARNING * * *
Unknown command.
You closely miss the gnoll. Your kick misses the gnoll.
You block the gnoll's attack. The gnoll closely misses you.
You closely miss the gnoll. Your kick misses the gnoll.
The gnoll hits you with a +0 flail.
* * * LOW HITPOINT WARNING * * *
The gnoll hits you from afar with a +0 halberd!
* * * LOW HITPOINT WARNING * * *
The gnoll closely misses you. The gnoll barely misses you.
Unknown command.
You closely miss the gnoll. The gnoll hits you with a +0 flail!
You die...

#############
######...........#
.......#########.#
...##### #@#
.....).####### #g#
....##..........g#
....###########...
...## #.... ..##
#..... ..<#
#..#.## ##.#
#..#.# #.# #.....


You could see 2 gnolls.

Vanquished Creatures
  Duvessa (D:4)
  A necrophage (D:4)
  An ogre (D:4)
  A phantom (D:4)
  Dowan (D:4)
  A hound (D:5)
  A jelly (D:3)
  A gnoll shaman (D:3)
  A bullfrog skeleton (D:4)
  Jessica (D:2)
  Ijyb (D:4)
  Natasha (D:2)
  A howler monkey zombie (D:3)
  8 gnolls
  7 adders
  2 dart slugs
  4 orcs
  10 endoplasms
  3 giant cockroaches
  7 goblins
  8 hobgoblins
  12 jackals
  2 quokkas (D:4)
  8 ball pythons
  6 bats
  2 frilled lizards
  11 kobolds
  7 rats
110 creatures vanquished.

Notes
Turn   | Place    | Note
-------+----------+-------------------------------------------
     0 | D:1      | Sin92 the Demonspawn Fighter began the quest for the Orb.
     0 | D:1      | Reached XP level 1. HP: 18/18 MP: 1/1
   277 | D:1      | Gained mutation: You are surrounded by a mild repulsion
                  | field. (EV +2) [demonic ancestry]
   277 | D:1      | Reached XP level 2. HP: 22/24 MP: 2/2
   295 | D:1      | Found a faded altar of an unknown god.
   312 | D:1      | Identified a scroll of acquirement
   457 | D:1      | Acquired the ring of Generosity {rElec rF+ rN++}
   462 | D:1      | Gained mutation: You are surrounded by a moderate repulsion
                  | field. (EV +3) [demonic ancestry]
   462 | D:1      | Reached XP level 3. HP: 29/29 MP: 3/3
   520 | D:1      | Reached skill level 1 in Dodging
   962 | D:2      | Gained mutation: You may rarely emit foul miasma when
                  | damaged in melee. [demonic ancestry]
   962 | D:2      | Reached XP level 4. HP: 35/35 MP: 4/4
   977 | D:2      | Noticed Jessica
   989 | D:2      | Killed Jessica
  1145 | D:2      | Noticed Natasha
  1152 | D:2      | Killed Natasha
  1153 | D:2      | Reached XP level 5. HP: 38/42 MP: 5/5
  1572 | D:3      | Gained mutation: You have large cloven feet. [demonic
                  | ancestry]
  1572 | D:3      | Reached XP level 6. HP: 37/48 MP: 6/6
  2024 | D:3      | Gained mutation: Your body sometimes deteriorates upon
                  | taking damage. [potion of mutation]
  2024 | D:3      | Gained mutation: You evolve. [potion of mutation]
  2024 | D:3      | Gained mutation: You have a pair of small horns on your
                  | head. [potion of mutation]
  2024 | D:3      | Gained mutation: You have a pair of horns on your head.
                  | [potion of mutation]
  2097 | D:4      | Noticed Ijyb
  2104 | D:4      | Killed Ijyb
  2393 | D:4      | Reached XP level 7. HP: 51/55 MP: 7/7
  2617 | D:4      | Noticed Duvessa
  2617 | D:4      | Noticed Dowan
  2624 | D:4      | Killed Duvessa
  2864 | D:4      | Killed Dowan
  2961 | D:4      | Found Uniasuna's General Store.
  2962 | D:4      | Found Ric Hypn's Specific Store.
  3301 | D:5      | Entered Level 5 of the Dungeon
  3388 | D:5      | Slain by a gnoll

Illustrated notes

Levels and vault maps discovered:
D:1:      dpeg_cavernosity, layout_basic, basic_ecumenical_altar
D:2:      cheibrodos_helix_gallery, layout_basic, minmay_misc_feat_square,
          uniq_jessica, uniq_natasha
D:3:      layout_loops_ring, serial_rivers, chequers_serial_rivers_large_a,
          chequers_serial_rivers_room_b, chequers_serial_rivers_room_b,
          chequers_serial_rivers_small_a, chequers_serial_rivers_micro_e,
          chequers_serial_rivers_micro_b
D:4:      cheibrodos_quashed, layout_cave_pods,
          amcnicky_mini_rare_corridor_liquid, nicolae_specific_store,
          st_stairs_14, uniq_ijyb, uniq_duvessa
D:5:      layout_loops_ring, mainiacjoe_overflow_concentric_impassable,
          minmay_temple_entry_glass, lightli_ossuary_entry_decrepit_ruins,
          uniq_crazy_yiuf_cottage, uniq_eustachio, uniq_menkaure

Skill      XL: |  1  2  3  4  5  6  7 |
---------------+----------------------+-----
Axes           | 2 3 |  3.9
Armour         | 3 4 |  4.5
Dodging        | 1 2 3 |  3.2
Shields        | 3 4 |  4.4
Fighting       | 4 |  4.9

Action                   |  1- 3 |  4- 6 |  7- 9 || total
-------------------------+-------+-------+-------++-------
Melee: War axe           |   128 |   160 |    50 ||   338
       Kick              |       |    16 |    10 ||    26
       Headbutt          |       |     8 |     6 ||    14
       Unarmed           |       |       |    19 ||    19
Evoke: Wand              |       |       |     1 ||     1
  Use: Scroll            |     2 |     2 |     5 ||     9
       Potion            |     1 |     4 |     2 ||     7
Armor: Scale mail        |    70 |    56 |       ||   126
       Leather armour    |       |     5 |     5 ||    10
       Skin              |       |       |     2 ||     2
Dodge: Dodged            |    73 |    82 |    46 ||   201
Block: Kite shield       |    95 |    78 |    32 ||   205

Table legend: (Time is in decaauts)
 A = Elapsed time spent in this place.
 B = Non-inter-level travel time spent in this place.
 C = Inter-level travel time spent in this place.
 D = Time resting spent in this place.
 E = Time spent auto-exploring this place.
 F = Levels seen in this place.
 G = Mean time per level.
                   A        B        C        D        E       F      G
               +--------+--------+--------+--------+--------+-----+--------+
         Total |   3582 |   3488 |     94 |    333 |   2190 |   5 |  716.4 |
       Dungeon |   3582 |   3488 |     94 |    333 |   2190 |   5 |  716.4 |
               +--------+--------+--------+--------+--------+-----+--------+

Top non-repeatable levels by time:
     D:4: 1123 daAuts
     D:1: 950 daAuts
     D:3: 852 daAuts
     D:2: 558 daAuts
     D:5: 97 daAuts
